Map: Eternal Empire LE

Players

JimmyShmo

  • Race: Protoss Protoss
  • League: Diamond
  • Spawn Location: 1:00

Bundo - Winner!

  • Race: Terran Terran
  • League: Master
  • Spawn Location: 7:00

VOD

Have the link to the VOD?

Description

Time

  • Played on: April 24, 2020, 7:30 p.m.
  • Length: 10:14
Show
View Real Time Build Order
Export as new Build Order

JimmyShmo Protoss 

Build Orders: 1 Gate Expand, Colossus Rush 

Get SALT Encoding   

  12  0:02  Probe  
  13  0:14  Probe  
  13  0:18  Pylon  
  14  0:26  Probe  
  15  0:37  Gateway  
  15  0:40  Probe  
  16  0:47  Assimilator  
  16  0:52  Probe (Chrono Boost)  
  18  1:04  Probe (Chrono Boost)  
  18  1:13  Probe (Chrono Boost)  
  19  1:18  Probe  
  20  1:31  Nexus  
  20  1:34  Probe  
  21  1:42  Pylon  
  21  1:46  Probe  
  22  1:55  Cybernetics Core  
  22  1:58  Probe  
  23  2:05  Pylon  
  23  2:17  Pylon  
  23  2:19  Probe  
  24  2:23  Assimilator  
  24  2:30  Stalker (Chrono Boost)  
  24  2:36  Warp Gate  
  26  2:41  Probe  
  27  2:45  Probe  
  28  2:52  Stalker  
  28  2:53  Probe  
  31  3:01  Probe (Chrono Boost)  
  32  3:06  Probe (Chrono Boost), Robotics Facility  
  34  3:13  Probe (Chrono Boost)  
  34  3:16  Probe (Chrono Boost)  
  34  3:19  Probe (Chrono Boost)  
  35  3:21  Probe (Chrono Boost)  
  35  3:22  Stalker  
  39  3:30  Probe  
  39  3:32  Probe  
  41  3:37  Robotics Facility  
  41  3:43  Probe  
  41  3:44  Probe  
  43  3:50  Assimilator  
  43  3:52  Stalker  
  43  3:54  Assimilator  
  43  3:55  Probe  
  46  3:58  Observer (Chrono Boost)  
  46  4:01  Probe  
  48  4:06  Pylon  
  48  4:07  Probe  
  49  4:13  Probe  
  50  4:19  Probe  
  50  4:20  Robotics Bay  
  51  4:25  Probe  
  51  4:27  Gateway  
  51  4:29  Gateway  
  53  4:32  Immortal (Chrono Boost)  
  53  4:37  Probe  
  58  4:44  Pylon  
  57  4:45  Pylon  
  57  4:50  Probe x2  
  59  4:55  Pylon  
  59  5:04  Warp Prism (Chrono Boost)  
  61  5:14  Probe x2  
  53  5:26  Probe x2  
  53  5:27  Extended Thermal Lance  
  55  5:35  Gateway, Colossus (Chrono Boost)  
  55  5:39  Stalker x2  
  65  5:50  Probe  
  66  6:09  Gateway x2  
  66  6:12  Gateway  
  66  6:13  Probe, Colossus (Chrono Boost)  
  73  6:24  Stalker x3  
  79  6:43  Stalker  
  79  6:46  Gateway  
  81  6:47  Pylon  
  81  6:49  Pylon  
  81  6:51  Pylon  
  81  6:52  Pylon  
  81  7:01  Stalker x2  
  85  7:05  Sentry x2  
  85  7:06  Sentry x2  
  93  7:11  Probe x2  
  95  7:17  Stalker  
  97  7:25  Stalker x2  
  87  7:44  Stalker x4  
  89  7:46  Sentry  
  89  7:47  Sentry  
  99  7:53  Probe  
  90  8:10  Probe x2  
  82  8:22  Probe x2  
  82  8:25  Colossus (Chrono Boost)  
  90  8:34  Probe  
  91  8:45  Zealot x2  
  85  9:09  Stalker  
  85  9:10  Stalker  
  79  9:18  Stalker  
  79  9:19  Stalker x2  
  83  9:25  Probe x2  
  85  9:37  Probe x2  
  81  9:49  Probe x2  
  81  9:50  Stalker x3  
Show
View Real Time Build Order
Export as new Build Order

Bundo Terran - Winner!

Build Orders: Reaper Expand 

Get SALT Encoding   

  12  0:00  SCV  
  13  0:13  SCV  
  14  0:17  Supply Depot  
  14  0:25  SCV  
  15  0:38  SCV  
  15  0:40  Barracks  
  16  0:45  Refinery  
  16  0:50  SCV  
  17  1:03  SCV  
  18  1:15  SCV  
  19  1:29  Reaper, Orbital Command  
  20  1:43  Command Center  
  20  1:55  Supply Depot  
  20  1:57  SCV  
  20  2:00  Marine  
  22  2:09  Factory  
  22  2:13  SCV  
  23  2:20  Marine  
  24  2:24  Refinery  
  24  2:25  SCV  
  25  2:37  SCV  
  25  2:40  Barracks Reactor  
  26  2:49  SCV  
  27  2:55  Widow Mine  
  29  3:02  Bunker  
  29  3:03  Orbital Command  
  29  3:05  Starport  
  28  3:07  SCV  
  29  3:16  Widow Mine  
  31  3:20  SCV  
  31  3:26  Marine x2  
  34  3:32  SCV  
  35  3:35  Supply Depot  
  35  3:36  SCV  
  35  3:40  Widow Mine  
  38  3:42  Medivac  
  38  3:46  SCV  
  38  3:47  Supply Depot  
  38  3:48  SCV  
  42  3:56  Marine x2  
  42  3:58  SCV  
  42  4:00  SCV  
  46  4:07  Factory Tech Lab  
  46  4:10  SCV, Supply Depot  
  46  4:12  SCV  
  46  4:16  Starport Tech Lab  
  48  4:19  Marine x2  
  48  4:22  SCV  
  51  4:25  SCV  
  51  4:28  Cyclone  
  55  4:34  SCV, Raven  
  55  4:36  Barracks x2  
  55  4:37  SCV  
  55  4:38  Refinery  
  59  4:44  Supply Depot  
  59  4:46  Marine x2  
  59  4:52  Engineering Bay  
  61  4:54  Supply Depot  
  61  4:55  SCV x2  
  63  5:04  Marine x2  
  64  5:07  SCV x2  
  66  5:16  Factory Tech Lab  
  66  5:19  SCV x2  
  68  5:29  Supply Depot  
  68  5:30  Terran Infantry Weapons Level 1  
  68  5:31  SCV x2  
  68  5:33  Supply Depot  
  68  5:35  Marine x2  
  72  5:37  Starport Reactor  
  72  5:38  Stimpack, Marauder x2  
  72  5:39  Combat Shield  
  76  5:43  SCV, Supply Depot  
  77  5:51  SCV  
  77  5:55  SCV  
  77  5:56  Supply Depot, Refinery, Marine x2  
  81  6:01  Marauder x2  
  85  6:05  SCV  
  85  6:08  SCV  
  87  6:19  Supply Depot  
  87  6:22  Marauder  
  87  6:23  SCV x2, Marauder  
  87  6:24  Marine x2  
  95  6:25  Medivac  
  95  6:26  Medivac  
  99  6:33  Barracks  
  99  6:35  Supply Depot  
  99  6:39  SCV x2  
  101  6:41  Supply Depot  
  101  6:44  Marauder x2  
  105  6:47  Marine x2  
  107  6:57  Concussive Shells  
  106  7:01  Medivac x2  
  106  7:05  Marauder x2  
  114  7:09  Command Center  
  114  7:13  Marine  
  114  7:14  Marine  
  114  7:15  SCV x2  
  118  7:18  Siege Tank  
  121  7:25  Terran Infantry Armor Level 1  
  121  7:26  Marauder  
  121  7:27  Marauder  
  121  7:29  SCV x2  
  127  7:31  Marine x2  
  129  7:48  Marauder x2  
  133  7:56  Barracks  
  133  7:57  Barracks x2  
  133  7:58  Barracks  
  121  8:12  Marine x2  
  119  8:13  Marauder x2  
  104  8:22  Siege Tank  
  104  8:26  Medivac x2  
  107  8:33  Orbital Command  
  107  8:35  Marine x2  
  107  8:36  Marauder x2  
  107  8:39  Armory  
  113  8:42  Engineering Bay  
  113  8:45  Barracks Reactor, Barracks Tech Lab x2  
  113  8:46  Barracks Reactor  
  113  8:50  SCV x2  
  113  8:51  Refinery x2  
  113  8:54  Siege Tank  
  116  9:02  SCV  
  115  9:16  Marine x3  
  115  9:17  Marauder x3  
  110  9:21  Liberator  
  110  9:22  Viking  
  113  9:26  Siege Tank  
  115  9:35  Marauder, Marine x5  
  115  9:38  Marauder x3  
  106  9:48  Marine  
  107  9:52  Marine  
Tags
 
Add a new tag
Caveats
  • Supply blocks, unpowered buildings, or Contaminate may cause inaccurate times.
  • Supply counts are checked every 10 seconds.